 Dungeon Crawl Stone Soup version 0.31-a0-986-g5e6e4ef867 (webtiles) character file.

Game seed: 8509147109867964028

347 Lobster4 the Conjurer (level 6, -11/51 HPs)
             Began as a Draconian Conjurer on Nov 5, 2023.
             Killed from afar by Pikel (17 damage)
             ... with a bolt of light
             ... on level 4 of the Dungeon.
             The game lasted 00:14:55 (5497 turns).

Lobster4 the Conjurer (Draconian Conjurer)          Turns: 5497, Time: 00:14:56

Health: -11/51     AC: 10    Str:  9 (10) XL:     6   Next: 32%
Magic:  8/11       EV: 12    Int: 17 (20) God:
Gold:   156        SH:  0    Dex:  7 (9)  Spells: 4/11 levels left

rFire   + . .        t - +2 trident (freeze)
rCold   . . .        (no shield)
rNeg    . . .        (body armour unavailable)
rPois   .            (helmet restricted)
rElec   .            (no cloak)
rCorr   .            (no gloves)
SInv    .            (no boots)
Will    .....        (no amulet)
Stlth   +            f - ring of protection from fire
HPRegen 0.28/turn    p - +4 ring of protection
MPRegen 0.12/turn

%: no passive effects
@: confused, mighty, about to teleport
A: AC +6, unfitting armour, cold-blooded
a: no special abilities


You were on level 4 of the Dungeon.
You visited 1 branch of the dungeon, and saw 4 of its levels.
You also visited: Ossuary.

You collected 156 gold pieces.

Inventory:

Hand Weapons
 a - a +2 short sword of draining
 b - a +0 sling
 n - a +0 spear
 t - a +2 trident of freezing (weapon)
Missiles
 k - 5 poisoned darts
Jewellery
 f - a ring of protection from fire (left hand)
 m - a ring of resist corrosion
 p - a +4 ring of protection (right hand)
 q - a ring of fire
Scrolls
 c - a scroll of vulnerability {unknown}
 i - a scroll of blinking {unknown}
 r - 2 scrolls of enchant weapon {unknown}
Potions
 d - a potion of magic
 e - a potion of might
 g - a potion of mutation
 h - 4 potions of degeneration
 l - a potion of brilliance {unknown}
 o - 2 potions of enlightenment {unknown}
 s - a potion of curing {unknown}


   Skills:
 + Level 3.0 Fighting
 - Level 1.3 Short Blades
 + Level 0.0 Polearms
 + Level 3.1 Dodging
 - Level 2.0 Stealth
 + Level 3.3 Spellcasting
 + Level 4.9 Conjurations
 + Level 1.3 Translocations


You had 4 spell levels left.
You knew the following spells:

 Your Spells              Type           Power      Damage    Failure   Level
a - Magic Dart            Conj           76%        1d6       2%          1
b - Searing Ray           Conj           38%        2d5       3%          2
c - Iskenderun's Mystic   Conj/Tloc      13%        2d5       43%         4

Your spell library contained the following spells:

 Spells                   Type           Power      Damage    Failure   Level
 Dazzling Flash           Conj/Hex       22%        N/A       19%         3
 Ensorcelled Hibernation  Hex/Ice        4%         N/A       26%         2
 Passwall                 Tmut/Erth      1%         N/A       26%         2
 Swiftness                Air            2%         N/A       45%         3
 Fulminant Prism          Conj/Hex       5%         3d6       52%         4


Dungeon Overview and Level Annotations

Branches:
Dungeon (4/15)            Ossuary (visited)
 Temple: D:4-7

Altars:

Annotations:
D:4 Edmund, Pikel


Innate Abilities, Weirdness & Mutations

Your plain brown scales are hard. (AC +6)
You cannot fit into any form of body armour.
You are cold-blooded and may be slowed by cold attacks.


Message History

Pikel shouts!
The searing ray hits Pikel.
Pikel is lightly wounded.
Pikel zaps a wand.
The bolt of light misses you.
The searing ray hits Pikel.
Pikel is lightly wounded.
Pikel zaps a wand.
The bolt of light hits you!
You aren't carrying any items that you can evoke.
You feel very mighty all of a sudden.
You barely miss Pikel.
Pikel is lightly wounded.
Pikel hits you but does no damage.
Pikel hits you with a +1 whip of freezing!
Pikel freezes you.
You barely miss Pikel.
Your tail-slap misses Pikel.
Pikel is lightly wounded.
Pikel zaps a wand.
The bolt of light hits you!!
You are confused.
* * * LOW HITPOINT WARNING * * *
You are too injured to fight recklessly!
You're too confused to move!
Pikel misses you.
You bump into the rock wall.
You feel less confused.
Pikel zaps a wand.
The bolt of light misses you.
As you read the scroll of teleportation, it crumbles to dust.
You feel strangely unstable.
Pikel hits you with a +1 whip of freezing.
* * * LOW HITPOINT WARNING * * *
Pikel freezes you.
* * * LOW HITPOINT WARNING * * *
It was a potion of degeneration.
There was something very wrong with that liquid.
You feel weakened.
You feel dopey.
You feel clumsy.
Pikel zaps a wand.
The bolt of light misses you.
You puncture Pikel! You freeze Pikel.
Pikel is moderately wounded.
Pikel zaps a wand.
The bolt of light hits you!
You are confused.
You die...
Pikel says, "Another soul for the market."

#.# #...............5. .# #.#
##..#)#....#.###### .# #.#
#.>...#......# # .# #.#
#..........#.# # .#
#.###.#.###......# # .#
#.........<.#.#### # .#
#####.#######.# # .# ##.## ##'# #
<# ##..@# ##...## # .#
##.#.#K###.....## # .#
#....##5#.......## ##
.###########...##.#.........####.
...............[..+.........'....
.#######.###.....##.........####.
.# #.# #.....# #.......## ## .#
#.# #..#..# ##.....## # .#
#.####....#####...##


You could see Pikel and a lemure.

Vanquished Creatures
  3 lemures (D:4)
  2 centaur zombies (Ossuary)
  A human zombie (Ossuary)
  2 hound zombies (Ossuary)
  3 mummies (Ossuary)
  6 adders
  4 adder zombies (Ossuary)
  2 worms
  2 dart slugs
  An orc (D:3)
  4 bats
  6 endoplasms
  4 giant cockroaches
  6 goblins
  6 hobgoblins
  14 jackals
  10 kobolds
  2 quokkas
  7 ball pythons
  A gnoll zombie (Ossuary)
  3 goblin zombies (Ossuary)
  5 hobgoblin zombies (Ossuary)
  3 jackal zombies (Ossuary)
  4 orc zombies (Ossuary)
  3 quokka zombies (Ossuary)
  7 rats
  7 rat zombies (Ossuary)
118 creatures vanquished.

Notes
Turn   | Place    | Note
-------+----------+-------------------------------------------
     0 | D:1      | Lobster4 the Draconian Conjurer began the quest for the
                  | Orb.
     0 | D:1      | Reached XP level 1. HP: 14/14 MP: 3/3
   281 | D:1      | Reached XP level 2. HP: 22/22 MP: 1/5
   284 | D:1      | Learned a level 2 spell: Searing Ray
   573 | D:1      | Reached skill level 1 in Fighting
  1190 | D:2      | Reached XP level 3. HP: 28/28 MP: 1/6
  1549 | D:2      | Found a faded altar of an unknown god.
  1877 | D:2      | Reached XP level 4. HP: 36/36 MP: 2/7
  3367 | D:4      | Reached XP level 5. HP: 41/41 MP: 6/9
  3389 | D:4      | Noticed a lemure
  3389 | D:4      | Noticed a lemure
  3390 | D:4      | Noticed Pikel
  3390 | D:4      | Noticed a lemure
  3392 | D:4      | Noticed a lemure
  3449 | D:4      | Killed a lemure
  3475 | D:4      | Killed a lemure
  3567 | D:4      | Identified the orb of Broken Taboos {guile, rElec Regen+
                  | MP-9 Dex+7}
  3703 | D:4      | Learned a level 4 spell: Iskenderun's Mystic Blast
  3711 | D:4      | Found a sand-covered staircase.
  3722 | Ossuary  | Entered an ossuary
  4737 | Ossuary  | Reached skill level 1 in Short Blades
  4741 | Ossuary  | Reached skill level 1 in Translocations
  4751 | Ossuary  | Reached XP level 6. HP: 49/50 MP: 0/10
  5191 | D:4      | Noticed Edmund
  5497 | D:4      | Killed from afar by Pikel

Illustrated notes

Levels and vault maps discovered:
D:1:      dpeg_arrival_castle, layout_loops_ring
D:2:      layout_basic, basic_ecumenical_altar
D:3:      layout_rooms, kennysheep_generic_room_5
D:4:      layout_loops_corners, lightli_ossuary_entry_decrepit_ruins,
          kennysheep_boxes, uniq_pikel, uniq_edmund, uniq_crazy_yiuf_cottage

Skill      XL: |  1  2  3  4  5  6 |
---------------+-------------------+-----
Stealth        | 2 |  2.0
Dodging        | 2 3 |  3.1
Fighting       | 1 2 3 |  3.0
Spellcasting   | 3 |  3.3
Short Blades   | 1 |  1.3
Translocations | 1 |  1.3
Conjurations   | |  4.9

Action                     |  1- 3 |  4- 6 || total
---------------------------+-------+-------++-------
  Melee: Spear             |    14 |     3 ||    17
         Tailslap          |     1 |    11 ||    12
         Short sword       |       |    88 ||    88
         Trident           |       |     3 ||     3
   Cast: Magic Dart        |    72 |   123 ||   195
         Searing Ray       |     3 |    27 ||    30
    Use: Scroll            |       |     7 ||     7
         Potion            |       |     3 ||     3
   Stab: Sleeping          |     2 |       ||     2
 Armour: Skin              |    12 |    94 ||   106
  Dodge: Dodged            |    20 |    66 ||    86

Table legend: (Time is in decaauts)
 A = Elapsed time spent in this place.
 B = Non-inter-level travel time spent in this place.
 C = Inter-level travel time spent in this place.
 D = Time resting spent in this place.
 E = Time spent auto-exploring this place.
 F = Levels seen in this place.
 G = Mean time per level.
                   A        B        C        D        E       F      G
               +--------+--------+--------+--------+--------+-----+--------+
         Total |   5507 |   5381 |    126 |   1004 |   3488 |   5 | 1101.4 |
       Dungeon |   4100 |   3974 |    126 |    428 |   2905 |   4 | 1025.0 |
       Ossuary |   1407 |   1407 |      0 |    576 |    583 |   1 | 1407.0 |
               +--------+--------+--------+--------+--------+-----+--------+

Top non-repeatable levels by time:
 Ossuary: 1407 daAuts
     D:1: 1217 daAuts
     D:2: 1034 daAuts
     D:3: 932 daAuts
     D:4: 915 daAuts
